 Dungeon Crawl Stone Soup version 0.27.1-34-g3ba077fa99 (webtiles) character file.

Game seed: 13495081075622881037

46 cbfl8 the Sneak (level 3, -1/33 HPs)
             Began as a Minotaur Delver on Jan 16, 2022.
             Slain by a hound (5 damage)
             ... on level 2 of the Dungeon.
             The game lasted 00:02:54 (1428 turns).

cbfl8 the Sneak (Minotaur Delver)                   Turns: 1428, Time: 00:02:55

Health: -1/33      AC:  0    Str: 16    XL:     3   Next: 46%
Magic:  2/2        EV: 12    Int:  8    God:
Gold:   39         SH:  0    Dex: 11    Spells: 2/2 levels left

rFire    . . .     SeeInvis .   n - +2 dagger (venom)
rCold    . . .     Faith    +   (no shield)
rNeg     . . .     Spirit   .   (no armour)
rPois    .         Reflect  .   (helmet restricted)
rElec    .         Harm     .   (no cloak)
rCorr    .         Rampage  .   (no gloves)
Will     .....                  (no boots)
Stlth    +++.......             j - amulet of faith
HPRegen  0.11/turn              h - ring of flight
MPRegen  0.08/turn              (no ring)

@: flying
A: horns 2, retaliatory headbutt
a: no special abilities


You were on level 2 of the Dungeon.
You visited 1 branch of the dungeon, and saw 5 of its levels.

You collected 39 gold pieces.

Inventory:

Hand Weapons
 a - a +0 hand axe
 l - a +1 dagger of freezing
 n - a +2 dagger of venom (weapon)
Armour
 b - a +0 leather armour
 k - a +0 plate armour
Jewellery
 h - a ring of flight (left hand)
 j - an amulet of faith (around neck)
Wands
 g - a wand of digging (3)
Scrolls
 c - a scroll of fog
 d - a scroll of magic mapping
 e - a scroll of fear
 i - a scroll of immolation {unknown}
Potions
 f - 2 potions of haste
 m - a potion of mutation {unknown}


   Skills:
 + Level 4.0 Fighting
 + Level 2.7 Axes
 + Level 0.7 Armour
 + Level 2.3 Dodging
 + Level 4.7 Stealth


You had 2 spell levels left.
You didn't know any spells.
Your spell library contained the following spells:

 Spells                   Type           Power      Damage    Failure   Level
 Pain                     Necr           0%         1d4       41%         1
 Conjure Flame            Conj/Fire      0%         6-21      78%         3
 Ignite Poison            Fire/Tmut/Pois 0%         N/A       78%         3
 Sticky Flame             Conj/Fire      0%         2d3       99%         4
 Agony                    Necr           0%         N/A       100%        5
 Excruciating Wounds      Necr           0%         N/A       100%        5


Dungeon Overview and Level Annotations

Branches:
Dungeon (5/15)
 Temple: D:4-7

Altars:


Innate Abilities, Weirdness & Mutations

You have a pair of horns on your head.
You reflexively headbutt those who attack you in melee.


Message History

You see here a quokka corpse.
You see here a +2 dagger of venom.
n - a +2 dagger of venom Your +1 dagger of freezing stops glowing.
Your +2 dagger of venom begins to drip with poison!
n - a +2 dagger of venom (weapon)
You hit the adder. Your headbutt misses the adder.
The adder is lightly wounded.
The hound barks!
The adder bites you.
You closely miss the adder.
The adder is lightly wounded.
The adder bites you.
You barely miss the adder.
The adder is lightly wounded.
The hound closely misses you. You furiously retaliate!
You headbutt the hound. The adder misses you. The hound bites you.
The adder closely misses you.
You miss the adder. Your headbutt misses the adder.
The adder is lightly wounded.
The hound barely misses you. The adder bites you.
You are poisoned.
The adder poisons you!
You hit the adder.
The adder is moderately wounded.
You feel sick. The hound bites you. The adder bites you.
The hound barely misses you.
You miss the adder. You headbutt the adder.
The adder is severely wounded.
You feel sick. The adder misses you. You furiously retaliate!
You headbutt the adder!
You kill the adder!
The hound bites you.
You feel sick. The hound bites you. The hound barely misses you.
You see here an adder corpse.
You feel sick. The hound bites you.
* * * LOW HITPOINT WARNING * * *
You feel sick.
You are no longer poisoned.
The hound barely misses you. The hound bites you.
You die...

#...........†.. #
.############### #.
.# ###### #.#####.##
#....# #........###
#.##.# #..........
#<...# #.......#####
#
#.#..#.##............
#.#.#..#.##....@...#
##.#.#..#.##...†h...#
#....#..#.##........#
#............†......#
....................#
............#####.#.#
....................#
....#...............#
....#...............#


You could see a hound.

Vanquished Creatures
  An adder (D:2)
  A dart slug (D:1)
  A bat (D:1)
  An endoplasm (D:1)
  A giant cockroach (D:1)
  3 hobgoblins
  4 jackals (D:1)
  3 quokkas
  3 ball pythons (D:1)
  2 frilled lizards (D:1)
  6 goblins
  A kobold (D:1)
  5 rats
32 creatures vanquished.

Notes
Turn   | Place    | Note
-------+----------+-------------------------------------------
     0 | D:5      | cbfl8 the Minotaur Delver began the quest for the Orb.
     0 | D:5      | Reached XP level 1. HP: 19/19 MP: 0/0
    19 | D:5      | Noticed an iguana
    36 | D:5      | Noticed a hound
   331 | D:1      | Reached XP level 2. HP: 27/27 MP: 1/1
   411 | D:1      | Found a faded altar of an unknown god.
  1006 | D:1      | Reached XP level 3. HP: 33/33 MP: 2/2
  1428 | D:2      | Slain by a hound

Illustrated notes

Levels and vault maps discovered:
D:1:      minmay_arrival_nine_rooms, layout_basic,
          hellmonk_ecumenical_altar_arch_garden
D:2:      layout_basic, uniq_crazy_yiuf_cottage
D:3:      layout_loops_ring, minmay_misc_feat_encased, minmay_puff,
          uniq_terence, uniq_jessica, uniq_grinder
D:4:      layout_loops_ring, temple_hall
D:5:      layout_cave_pools, enter_ossuary_3, uniq_edmund

Skill      XL: |  1  2  3 |
---------------+----------+-----
Fighting       | 4 |  4.0
Axes           | |  2.7
Armour         | |  0.7
Dodging        | |  2.3
Stealth        | |  4.7

Action                   || total
-------------------------++-------
Melee: Hand axe          ||    37
       Headbutt          ||     8
       Dagger            ||    23
 Stab: Sleeping          ||     7
Armor: Leather armour    ||     6
Dodge: Dodged            ||    53
